| TOP OF THE 1ST |
|
Quad Cities River Bandits batting - Pitching for Bowling Green Hot Rods : LHP Chris Polite
|
|
Pitching: LHP Chris Polite
|
|
|
Batting: RHB Xavier Castaneda
|
0-0: Foul Ball, location: 2F 0-1: Ball 1-1: Called Strike 1-2: Foul Ball, location: 2F 1-2: Foul Ball, location: 2F 1-2: Strikes out swinging
|
|
Batting: RHB Evan Fry
|
0-0: Ball 1-0: Called Strike 1-1: Ball 2-1: Foul Ball, location: 2F 2-2: Strikes out looking
|
|
Batting: RHB Justin Olmstead
|
0-0: Ball 1-0: Ground out 5-3 (Groundball, 56, EV 85.0 MPH)
|
| Top of the 1st over - 0 runs, 0 hits, 0 errors, 0 left on base; Quad Cities 0 - Bowling Green 0 |
| BOTTOM OF THE 1ST |
|
Bowling Green Hot Rods batting - Pitching for Quad Cities River Bandits : RHP Robin Yelland
|
|
Pitching: RHP Robin Yelland
|
|
|
Batting: RHB Isaiah Easter
|
0-0: Ball 1-0: Called Strike 1-1: Swinging Strike 1-2: Ball 2-2: Strikes out swinging
|
|
Batting: LHB Harris Vink
|
0-0: Called Strike 0-1: Ball 1-1: Called Strike 1-2: Ball 2-2: SINGLE (Groundball, 34D, EV 103.1 MPH)
|
|
Batting: RHB Sesto Carpini
|
0-0: Ball 1-0: Fielders Choice at 2nd, 6-4 (Groundball, 6, EV 87.5 MPH)
|
|
Batting: RHB Azedine Kirui
|
0-0: Ball 1-0: Ball Wild Pitch! Sesto Carpini to second 2-0: Swinging Strike 2-1: Called Strike 2-2: Foul Ball, location: 2F 2-2: Fly out, F9 (Line Drive, 9, EV 90.6 MPH)
|
| Bottom of the 1st over - 0 runs, 1 hit, 0 errors, 1 left on base; Quad Cities 0 - Bowling Green 0 |
| TOP OF THE 2ND |
|
Quad Cities River Bandits batting - Pitching for Bowling Green Hot Rods : LHP Chris Polite
|
|
Batting: LHB Josh Birkner
|
0-0: Ball 1-0: Ground out 4-3 (Groundball, 34, EV 89.4 MPH)
|
|
Batting: RHB Juan Mendoza
|
0-0: Ball 1-0: Ball 2-0: Foul Ball, location: 2F 2-1: Swinging Strike 2-2: Strikes out swinging
|
|
Batting: RHB Kieron Clark
|
0-0: Ball 1-0: Foul Ball, location: 2F 1-1: Swinging Strike 1-2: Strikes out swinging
|
| Top of the 2nd over - 0 runs, 0 hits, 0 errors, 0 left on base; Quad Cities 0 - Bowling Green 0 |
| BOTTOM OF THE 2ND |
|
Bowling Green Hot Rods batting - Pitching for Quad Cities River Bandits : RHP Robin Yelland
|
|
Batting: RHB Jose Arriola
|
0-0: Ball 1-0: Swinging Strike 1-1: Ball 2-1: Ball 3-1: Ground out 6-3 (Groundball, 6D, EV 109.4 MPH)
|
|
Batting: LHB Jimmy Detrie
|
0-0: SINGLE (Line Drive, 89S, EV 108.8 MPH)
|
|
Batting: RHB Kunizo Yanagisawa
|
0-0: Called Strike 0-1: Swinging Strike 0-2: Ball 1-2: Foul Ball, location: 2F 1-2: SINGLE (Groundball, P, EV 91.9 MPH) (infield hit) Jimmy Detrie to second
|
|
Batting: RHB Eric Waugaman
|
0-0: Ball 1-0: Called Strike 1-1: Fielders Choice at 2nd, 3-6 (Groundball, 34S, EV 85.6 MPH) Jimmy Detrie to third
|
|
Batting: RHB Dusty Camelli
|
0-0: Ball 1-0: Ball 2-0: Foul Ball, location: 2F 2-1: Called Strike 2-2: Foul Ball, location: 2F 2-2: Foul Ball, location: 2F 2-2: Foul Ball, location: 2F 2-2: Ground out 4-3 (Groundball, 4, EV 82.5 MPH)
|
| Bottom of the 2nd over - 0 runs, 2 hits, 0 errors, 2 left on base; Quad Cities 0 - Bowling Green 0 |
| TOP OF THE 3RD |
|
Quad Cities River Bandits batting - Pitching for Bowling Green Hot Rods : LHP Chris Polite
|
|
Batting: SHB Salvador Gomez
|
0-0: Foul Ball, location: 2F 0-1: Called Strike 0-2: Foul Ball, location: 2F 0-2: Strikes out swinging
|
|
Batting: RHB Jorge Gutierrez
|
0-0: Called Strike 0-1: Swinging Strike 0-2: Ball 1-2: Foul Ball, location: 2F 1-2: Ball 2-2: Ball 3-2: Base on Balls
|
|
Batting: LHB Danny Wolver
|
0-0: Ball Jorge Gutierrez steals 2nd base 1-0: Ball 2-0: Foul Ball, location: 2F 2-1: SINGLE (Groundball, 56D, EV 100.0 MPH) Jorge Gutierrez to third
|
|
Batting: RHB Xavier Castaneda
|
0-0: Called Strike Pickoff Throw by Catcher to First - Out! 0-1: Ball 1-1: SINGLE (Groundball, 34D, EV 98.1 MPH) Jorge Gutierrez scores
|
|
Batting: RHB Evan Fry
|
0-0: Ball 1-0: Ball 2-0: Foul Ball, location: 2F 2-1: Fly out, F7 (Flyball, 7, EV 94.4 MPH)
|
| Top of the 3rd over - 1 run, 2 hits, 0 errors, 1 left on base; Quad Cities 1 - Bowling Green 0 |
| BOTTOM OF THE 3RD |
|
Bowling Green Hot Rods batting - Pitching for Quad Cities River Bandits : RHP Robin Yelland
|
|
Batting: RHB Isaiah Easter
|
0-0: Fly out, F8 (Flyball, 89M, EV 90.6 MPH)
|
|
Batting: LHB Harris Vink
|
0-0: Foul Ball, location: 2F 0-1: Ball 1-1: Foul Ball, location: 2F 1-2: Strikes out swinging
|
|
Batting: RHB Sesto Carpini
|
0-0: Ball 1-0: Foul Ball, location: 2F 1-1: Ball 2-1: SINGLE (Groundball, 5S, EV 61.9 MPH) (infield hit)
|
|
Batting: RHB Azedine Kirui
|
0-0: Ball 1-0: Fly out, F9 (Flyball, 89M, EV 92.5 MPH)
|
| Bottom of the 3rd over - 0 runs, 1 hit, 0 errors, 1 left on base; Quad Cities 1 - Bowling Green 0 |
| TOP OF THE 4TH |
|
Quad Cities River Bandits batting - Pitching for Bowling Green Hot Rods : LHP Chris Polite
|
|
Batting: RHB Justin Olmstead
|
0-0: Ball 1-0: Ball 2-0: SOLO HOME RUN (Flyball, 7LD, EV 95.6 MPH), Distance : 354 ft
|
|
Batting: LHB Josh Birkner
|
0-0: Ground out U3 (Groundball, 34, EV 96.9 MPH)
|
|
Batting: RHB Juan Mendoza
|
0-0: Swinging Strike 0-1: Ball 1-1: Ball 2-1: Foul Ball, location: 2F 2-2: Strikes out swinging
|
|
Batting: RHB Kieron Clark
|
0-0: Hit by Pitch
|
|
Batting: SHB Salvador Gomez
|
0-0: Fly out, F9 (Line Drive, 89M, EV 93.1 MPH)
|
| Top of the 4th over - 1 run, 1 hit, 0 errors, 1 left on base; Quad Cities 2 - Bowling Green 0 |
| BOTTOM OF THE 4TH |
|
Bowling Green Hot Rods batting - Pitching for Quad Cities River Bandits : RHP Robin Yelland
|
|
Batting: RHB Jose Arriola
|
0-0: Ball 1-0: Called Strike 1-1: Ball 2-1: Swinging Strike 2-2: Foul Ball, location: 2F 2-2: SINGLE (Line Drive, 9S, EV 90.0 MPH)
|
|
Batting: LHB Jimmy Detrie
|
0-0: Ball 1-0: Grounds into double play, 5-4-3 (Groundball, 5, EV 105.0 MPH)
|
|
Batting: RHB Kunizo Yanagisawa
|
0-0: Called Strike 0-1: Foul Ball, location: 2F 0-2: Ball 1-2: Foul Ball, location: 2F 1-2: Fly out, F8 (Flyball, 89D, EV 94.4 MPH)
|
| Bottom of the 4th over - 0 runs, 1 hit, 0 errors, 0 left on base; Quad Cities 2 - Bowling Green 0 |
| TOP OF THE 5TH |
|
Quad Cities River Bandits batting - Pitching for Bowling Green Hot Rods : LHP Chris Polite
|
|
Batting: RHB Jorge Gutierrez
|
0-0: Foul Ball, location: 2F 0-1: Ground out 4-3 (Groundball, 4, EV 105.0 MPH)
|
|
Batting: LHB Danny Wolver
|
0-0: Fly out, F8 (Line Drive, 8RS, EV 91.2 MPH)
|
|
Batting: RHB Xavier Castaneda
|
0-0: Called Strike 0-1: Foul Ball, location: 2F 0-2: Ground out 4-3 (Groundball, 4S, EV 83.8 MPH)
|
| Top of the 5th over - 0 runs, 0 hits, 0 errors, 0 left on base; Quad Cities 2 - Bowling Green 0 |
| BOTTOM OF THE 5TH |
|
Bowling Green Hot Rods batting - Pitching for Quad Cities River Bandits : RHP Robin Yelland
|
|
Batting: RHB Eric Waugaman
|
0-0: Swinging Strike 0-1: SINGLE (Groundball, 6MD, EV 103.8 MPH)
|
|
Batting: RHB Dusty Camelli
|
0-0: Ball 1-0: Ball 2-0: Ball 3-0: Called Strike 3-1: Foul Ball, location: 2F 3-2: Foul Ball, location: 2F 3-2: Strikes out swinging
|
|
Batting: RHB Isaiah Easter
|
0-0: Called Strike 0-1: Ball 1-1: Fielders Choice at 2nd, 5-4 (Groundball, 56, EV 104.4 MPH)
|
|
Batting: LHB Harris Vink
|
0-0: Ball Isaiah Easter steals 2nd base 1-0: Foul Ball, location: 2F 1-1: Ball 2-1: DOUBLE (Groundball, 3L, EV 103.1 MPH) Isaiah Easter scores
|
|
Batting: RHB Sesto Carpini
|
0-0: Ball 1-0: Called Strike 1-1: Foul Ball, location: 2F 1-2: Reached via error on a dropped throw from 2B, E3 (Groundball, 4, EV 86.2 MPH) Harris Vink to third
|
|
Batting: RHB Azedine Kirui
|
0-0: Called Strike 0-1: Ball 1-1: Ball 2-1: Called Strike 2-2: Foul Ball, location: 2F 2-2: Foul Ball, location: 2F 2-2: Foul Ball, location: 2F 2-2: DOUBLE (Groundball, 5L, EV 98.1 MPH) Harris Vink scores Sesto Carpini to third
|
|
Batting: RHB Jose Arriola
|
0-0: Foul Ball, location: 2F 0-1: Foul Ball, location: 2F 0-2: Strikes out looking
|
| Bottom of the 5th over - 2 runs, 3 hits, 1 error, 2 left on base; Quad Cities 2 - Bowling Green 2 |
| TOP OF THE 6TH |
|
Quad Cities River Bandits batting - Pitching for Bowling Green Hot Rods : LHP Chris Polite
|
|
Batting: RHB Evan Fry
|
0-0: Ground out U3 (Groundball, 3, EV 102.5 MPH)
|
|
Batting: RHB Justin Olmstead
|
0-0: Ball 1-0: TRIPLE (Flyball, 89XD, EV 98.8 MPH)
|
|
Batting: LHB Josh Birkner
|
0-0: Called Strike 0-1: Called Strike 0-2: Ball 1-2: SINGLE (Groundball, 3, EV 105.0 MPH) Justin Olmstead scores
|
|
Batting: RHB Juan Mendoza
|
0-0: Fielders Choice at 2nd, 6-4 (Groundball, 6, EV 86.2 MPH)
|
|
Batting: RHB Kieron Clark
|
0-0: Ball 1-0: Called Strike 1-1: Swinging Strike 1-2: Fielders Choice at 2nd, 5-4 (Groundball, 5L, EV 92.5 MPH)
|
| Top of the 6th over - 1 run, 2 hits, 0 errors, 1 left on base; Quad Cities 3 - Bowling Green 2 |
| BOTTOM OF THE 6TH |
|
Bowling Green Hot Rods batting - Pitching for Quad Cities River Bandits : RHP Robin Yelland
|
|
Batting: LHB Jimmy Detrie
|
0-0: Ground out 5-3 (Groundball, 5, EV 98.8 MPH)
|
|
Batting: RHB Kunizo Yanagisawa
|
0-0: Ball 1-0: Called Strike 1-1: Ball 2-1: Foul Ball, location: 2F 2-2: Ground out 1-3 (Groundball, 13, EV 63.1 MPH)
|
|
Batting: RHB Eric Waugaman
|
0-0: Ball 1-0: SINGLE (Line Drive, 89S, EV 100.6 MPH)
|
|
Batting: RHB Dusty Camelli
|
0-0: Called Strike 0-1: Ground out 4-3 (Groundball, 4, EV 80.6 MPH)
|
| Bottom of the 6th over - 0 runs, 1 hit, 0 errors, 1 left on base; Quad Cities 3 - Bowling Green 2 |
| TOP OF THE 7TH |
|
Quad Cities River Bandits batting - Pitching for Bowling Green Hot Rods : LHP Chris Polite
|
|
Batting: SHB Salvador Gomez
|
0-0: Called Strike 0-1: Ball 1-1: Foul Ball, location: 2F 1-2: Ground out U3 (Groundball, 3, EV 106.2 MPH)
|
|
Batting: RHB Jorge Gutierrez
|
0-0: Called Strike 0-1: Foul Ball, location: 2F 0-2: Foul Ball, location: 2F 0-2: Ball 1-2: Strikes out looking
|
|
Batting: LHB Danny Wolver
|
0-0: Called Strike 0-1: Called Strike 0-2: Strikes out looking
|
| Top of the 7th over - 0 runs, 0 hits, 0 errors, 0 left on base; Quad Cities 3 - Bowling Green 2 |
| BOTTOM OF THE 7TH |
|
Bowling Green Hot Rods batting - Pitching for Quad Cities River Bandits : RHP Robin Yelland
|
|
Batting: RHB Isaiah Easter
|
0-0: Foul Ball, location: 2F 0-1: Foul Ball, location: 2F 0-2: SINGLE (Groundball, 4D, EV 106.2 MPH)
|
|
Batting: LHB Harris Vink
|
0-0: Bunt missed! 0-1: Ball 1-1: Ball Isaiah Easter steals 2nd base 2-1: Bunt missed! 2-2: SINGLE (Line Drive, 7S, EV 90.0 MPH) Isaiah Easter to third Runner from 3rd tries for Home, throw by LF and OUT! 7-2
|
|
Batting: RHB Sesto Carpini
|
0-0: Ball 1-0: Ball 2-0: Swinging Strike 2-1: Ball 3-1: Foul Ball, location: 2F 3-2: Base on Balls Harris Vink to second
|
|
Batting: RHB Azedine Kirui
|
0-0: Foul Ball, location: 2F 0-1: Ball 1-1: Ball 2-1: Foul Ball, location: 2F 2-2: Ball 3-2: Grounds into double play, 6-4-3 (Groundball, 6, EV 83.1 MPH)
|
| Bottom of the 7th over - 0 runs, 2 hits, 0 errors, 1 left on base; Quad Cities 3 - Bowling Green 2 |
| TOP OF THE 8TH |
|
Quad Cities River Bandits batting - Pitching for Bowling Green Hot Rods : LHP Chris Polite
|
|
Batting: RHB Xavier Castaneda
|
0-0: Foul Ball, location: 2F 0-1: Foul Ball, location: 2F 0-2: Ball 1-2: Ground out 4-3 (Groundball, 4, EV 94.4 MPH)
|
|
Batting: RHB Evan Fry
|
0-0: Called Strike 0-1: Ground out 6-3 (Groundball, 6, EV 84.4 MPH)
|
|
Batting: RHB Justin Olmstead
|
0-0: Ball 1-0: Foul Ball, location: 2F 1-1: Foul Ball, location: 2F 1-2: Ball 2-2: Strikes out swinging
|
| Top of the 8th over - 0 runs, 0 hits, 0 errors, 0 left on base; Quad Cities 3 - Bowling Green 2 |
| BOTTOM OF THE 8TH |
|
Bowling Green Hot Rods batting - Pitching for Quad Cities River Bandits : RHP Robin Yelland
|
|
Batting: RHB Jose Arriola
|
0-0: Fly out, F7 (Flyball, 7LM, EV 81.9 MPH)
|
|
Batting: LHB Jimmy Detrie
|
0-0: Called Strike 0-1: Ball 1-1: Ball 2-1: Fly out, F9 (Flyball, 89M, EV 88.1 MPH)
|
|
Batting: RHB Kunizo Yanagisawa
|
0-0: SINGLE (Line Drive, 7LM, EV 95.6 MPH)
|
|
Pinch Hitting: LHB Darryl Gonnella
|
0-0: Called Strike 0-1: Ball 1-1: Fly out, F7 (Flyball, 78M, EV 76.9 MPH)
|
| Bottom of the 8th over - 0 runs, 1 hit, 0 errors, 1 left on base; Quad Cities 3 - Bowling Green 2 |
| TOP OF THE 9TH |
|
Quad Cities River Bandits batting - Pitching for Bowling Green Hot Rods : LHP Chris Polite
|
|
Now at 3B: Chris Thorson
|
|
|
Pinch Hitting: RHB Jordan Williams
|
0-0: Called Strike 0-1: Swinging Strike 0-2: Strikes out swinging
|
|
Batting: RHB Juan Mendoza
|
0-0: Ground out 6-3 (Groundball, 6S, EV 68.1 MPH)
|
|
Batting: RHB Kieron Clark
|
0-0: Foul Ball, location: 2F 0-1: Ground out 6-3 (Groundball, 6, EV 83.1 MPH)
|
| Top of the 9th over - 0 runs, 0 hits, 0 errors, 0 left on base; Quad Cities 3 - Bowling Green 2 |
| BOTTOM OF THE 9TH |
|
Bowling Green Hot Rods batting - Pitching for Quad Cities River Bandits : RHP Robin Yelland
|
|
Now at C: Mike Koch
|
|
|
Now at 1B: Salvador Gomez
|
|
|
Batting: RHB Dusty Camelli
|
0-0: Called Strike 0-1: Ball 1-1: Ground out 6-3 (Groundball, 6, EV 84.4 MPH)
|
|
Batting: RHB Isaiah Easter
|
0-0: Foul Ball, location: 2F 0-1: Ball 1-1: Ball 2-1: Swinging Strike 2-2: Ball 3-2: Strikes out swinging
|
|
Batting: LHB Harris Vink
|
0-0: Called Strike 0-1: SINGLE (Groundball, 34S, EV 70.6 MPH) (infield hit)
|
|
Batting: RHB Sesto Carpini
|
0-0: Ball 1-0: Called Strike 1-1: Ball 2-1: SINGLE (Line Drive, 89M, EV 98.1 MPH) Harris Vink to second Runner from 2nd tries for 3rd, SAFE, throw by RF made to third
|
|
Batting: RHB Azedine Kirui
|
0-0: Fly out, F4 (Popup, 34, EV 63.8 MPH)
|
| Bottom of the 9th over - 0 runs, 2 hits, 0 errors, 2 left on base; Quad Cities 3 - Bowling Green 2 |
|